Map: Ruby Rock LE

Players

TecCa - Winner!

  • Race: Terran Terran
  • League: Silver
  • Spawn Location: 11:00

A.I. 1 (Elite)

  • Race: Protoss Protoss
  • Spawn Location: 5:00

VOD

Have the link to the VOD?

Description

Time

  • Played on: May 19, 2026, 12:38 a.m.
  • Length: 19:13
Show
View Real Time Build Order
Export as new Build Order

TecCa Terran - Winner!

Build Orders: Reaper Expand 

Get SALT Encoding   

  12  0:00  SCV  
  13  0:12  SCV  
  14  0:17  Supply Depot  
  14  0:25  SCV  
  15  0:38  SCV  
  15  0:40  Refinery  
  16  0:45  Barracks  
  16  0:50  SCV  
  17  1:03  SCV  
  18  1:15  SCV  
  19  1:31  Orbital Command  
  19  1:33  Reaper  
  20  1:41  Command Center  
  20  1:55  Supply Depot  
  20  1:57  SCV  
  21  2:09  SCV, Refinery  
  21  2:13  Factory  
  22  2:17  Barracks Reactor  
  22  2:23  SCV  
  23  2:35  SCV  
  24  2:47  SCV  
  25  2:55  Marine x2  
  27  2:58  Factory Tech Lab  
  27  2:59  SCV  
  27  3:02  Starport  
  28  3:05  Orbital Command  
  28  3:09  Supply Depot  
  28  3:11  SCV  
  32  3:20  Siege Tank  
  32  3:25  Marine x2  
  34  3:27  SCV  
  34  3:33  Supply Depot  
  35  3:36  SCV  
  35  3:40  SCV  
  37  3:46  Engineering Bay  
  37  3:48  SCV  
  38  3:50  Engineering Bay  
  38  3:52  SCV  
  39  4:02  Marine x2  
  40  4:03  Siege Tank  
  44  4:10  Starport Tech Lab  
  44  4:18  Terran Infantry Weapons Level 1  
  44  4:23  Terran Infantry Armor Level 1  
  44  4:33  Barracks  
  44  4:37  SCV, Barracks  
  44  4:38  SCV  
  46  4:45  Command Center  
  46  4:46  Marine  
  46  4:47  Marine  
  46  4:49  SCV  
  46  4:50  SCV  
  50  4:54  Siege Tank  
  53  5:05  SCV  
  53  5:06  SCV  
  55  5:10  Refinery  
  55  5:11  Refinery  
  55  5:16  Hyperflight Rotors  
  55  5:18  SCV  
  55  5:20  Supply Depot  
  56  5:26  SCV  
  57  5:31  SCV  
  58  5:38  SCV  
  58  5:41  Bunker  
  58  5:42  Barracks Tech Lab x2  
  59  5:43  SCV  
  59  5:44  Supply Depot  
  60  5:51  SCV  
  61  5:57  Armory  
  61  5:59  Banshee  
  64  6:06  Starport  
  64  6:12  Barracks  
  64  6:15  Barracks  
  64  6:22  Barracks  
  64  6:33  Supply Depot  
  64  6:40  Missile Turret  
  64  6:45  Missile Turret  
  64  7:01  Orbital Command  
  64  7:04  SCV  
  64  7:05  SCV  
  64  7:08  Missile Turret  
  66  7:11  Missile Turret  
  66  7:17  SCV  
  66  7:18  SCV  
  68  7:33  Missile Turret  
  68  7:34  Missile Turret  
  68  7:36  Supply Depot  
  68  7:37  Marine x2, Marauder x2  
  72  7:39  Siege Tank  
  72  7:40  Sensor Tower  
  77  7:49  Banshee  
  77  7:51  Starport Tech Lab  
  80  7:52  Starport Reactor  
  80  8:01  Barracks Tech Lab, Barracks Reactor  
  80  8:02  Barracks Reactor  
  80  8:05  Marine x2, Marauder x2  
  86  8:06  Combat Shield  
  86  8:07  Stimpack  
  86  8:09  Terran Infantry Weapons Level 2, Terran Infantry Armor Level 2  
  86  8:10  Missile Turret  
  86  8:11  Terran Vehicle Weapons Level 1  
  86  8:17  SCV x3  
  89  8:27  Supply Depot  
  89  8:29  SCV x2  
  89  8:30  SCV  
  89  8:31  Supply Depot  
  92  8:41  SCV x2  
  92  8:42  SCV  
  92  8:45  Refinery x2  
  92  8:46  Marauder x2  
  92  8:47  Marine x5, Marauder  
  92  8:48  Marine  
  107  8:49  Siege Tank  
  107  8:51  Supply Depot  
  107  8:53  Medivac, SCV  
  107  8:54  Medivac, Supply Depot  
  118  9:04  Medivac  
  118  9:05  Marine  
  118  9:14  Supply Depot  
  118  9:16  Marauder  
  118  9:17  Marauder, Marine x3  
  122  9:18  Marine x3  
  122  9:20  SCV  
  122  9:21  SCV x2, Siege Tank  
  122  9:22  Medivac  
  122  9:23  Marine  
  122  9:24  Medivac, Concussive Shells  
  139  9:34  Medivac  
  139  9:35  Marine x4  
  139  9:36  Marine x2  
  139  9:37  Marine x2  
  149  9:44  Supply Depot  
  149  9:50  Marine  
  150  10:02  Supply Depot  
  150  10:04  Marine x5  
  150  10:05  Marauder, Marine x2, Siege Tank  
  162  10:07  Supply Depot  
  162  10:08  Marine  
  163  10:22  Marine  
  163  10:25  Supply Depot  
  164  10:29  Supply Depot  
  160  10:37  Siege Tank  
  151  10:48  Marine x6, Marauder, Supply Depot  
  151  10:49  Marauder x2  
  161  10:52  Medivac x2  
  161  10:57  Raven  
  167  11:05  Marine  
  167  11:09  Marauder  
  167  11:10  Siege Tank  
  173  11:58  Marine  
  173  11:59  Marine x7, Marauder  
  173  12:00  Siege Tank, Medivac x2  
  190  12:16  Marine x3  
  190  12:17  Marine, Marauder  
  196  12:50  Siege Tank  
  196  13:20  Marauder  
  195  13:45  Banshee  
  191  15:53  Marine x3  
  191  15:54  Marine x4  
  163  16:14  Terran Infantry Weapons Level 3  
  163  16:15  Terran Infantry Armor Level 3  
  140  16:24  Marine x5, Marauder  
  140  16:25  Marine  
  126  16:30  Marauder  
  126  16:31  Banshee  
  126  16:32  Marauder  
  125  16:41  Marine  
  126  16:54  Marine, Command Center  
  126  16:58  Marauder, Supply Depot  
  126  16:59  Marine  
  126  17:00  Command Center  
  126  17:01  Supply Depot x2  
  126  17:04  Supply Depot  
  126  17:08  Marine  
  126  17:09  Marine x2  
  126  17:11  Marine x2  
  126  17:12  Marauder, Medivac  
  126  17:13  Marauder  
  126  17:14  Liberator, Siege Tank  
  126  17:15  Banshee  
  123  17:17  Marine  
  123  17:19  Marauder  
  111  17:26  Marine  
  111  17:27  Marine x2  
  116  17:33  Marauder  
  116  17:34  Marauder, Marine  
  119  17:40  Marauder  
  119  17:42  Medivac  
  119  17:43  Marine  
  124  17:45  Marine x2  
  124  17:46  Siege Tank  
  129  17:55  Marauder  
  129  17:56  Marauder  
  133  18:02  Marauder  
  135  18:07  Marine x2  
  135  18:08  Marine x2  
  139  18:16  Marauder  
  139  18:17  Marauder  
  139  18:18  Hellion  
  145  18:20  Command Center  
  145  18:23  Marauder  
  145  18:25  Marine x4  
  151  18:37  Marine  
  151  18:38  Marine  
  151  18:39  Siege Tank  
  156  18:43  Marine x4  
  156  18:44  Marine  
  157  18:55  Marine  
Show
View Real Time Build Order
Export as new Build Order

A.I. 1 (Elite) Protoss 

Build Orders: 1 Gate Expand 

Get SALT Encoding   

  12  0:00  Probe  
  13  0:13  Probe  
  14  0:20  Pylon  
  14  0:25  Probe  
  15  0:34  Probe  
  15  0:42  Probe  
  16  0:47  Assimilator  
  17  0:50  Gateway  
  17  0:52  Probe  
  18  1:00  Probe  
  18  1:01  Pylon  
  19  1:08  Probe  
  20  1:18  Probe  
  21  1:30  Probe  
  22  1:37  Nexus  
  22  1:42  Probe  
  22  1:44  Zealot  
  25  1:59  Cybernetics Core  
  25  2:07  Gateway  
  25  2:12  Zealot, Pylon  
  25  2:20  Probe  
  27  2:32  Probe  
  27  2:34  Adept  
  27  2:35  Assimilator  
  28  2:37  Warp Gate  
  30  2:44  Probe  
  30  2:49  Probe  
  30  2:50  Adept  
  32  2:56  Probe  
  35  3:02  Pylon  
  35  3:03  Probe  
  36  3:08  Adept  
  38  3:14  Sentry  
  38  3:26  Probe  
  41  3:30  Stalker  
  41  3:35  Gateway  
  41  3:36  Stalker, Probe  
  46  3:45  Probe  
  47  3:51  Stalker  
  47  3:53  Probe  
  48  3:57  Probe  
  51  4:03  Stalker  
  51  4:04  Probe  
  51  4:09  Probe  
  55  4:12  Probe  
  56  4:18  Stalker  
  56  4:20  Probe  
  56  4:21  Probe  
  59  4:29  Stalker  
  59  4:30  Pylon  
  62  4:37  Pylon  
  62  4:46  Probe  
  62  4:48  Stalker, Probe  
  66  4:54  Stalker, Probe  
  66  4:56  Stalker  
  71  5:00  Probe, Pylon  
  71  5:03  Probe  
  73  5:09  Pylon  
  73  5:11  Stalker  
  73  5:12  Probe  
  76  5:14  Probe  
  76  5:18  Stalker  
  76  5:19  Stalker  
  81  5:24  Probe  
  81  5:26  Probe  
  83  5:29  Pylon  
  83  5:34  Stalker x2  
  87  5:36  Probe  
  87  5:38  Probe  
  87  5:41  Stalker  
  91  5:46  Twilight Council  
  91  5:48  Probe  
  92  5:50  Probe  
  92  5:52  Pylon  
  92  5:56  Stalker  
  94  5:58  Assimilator  
  94  6:02  Assimilator  
  94  6:05  Zealot  
  96  6:14  Pylon  
  96  6:23  Probe  
  96  6:25  Templar Archives  
  97  6:30  Forge  
  97  6:31  Forge  
  97  6:36  Nexus  
  97  6:59  Sentry  
  99  7:03  Pylon, High Templar x2  
  103  7:11  Robotics Facility  
  103  7:14  Gateway  
  103  7:21  Archon  
  103  7:22  High Templar  
  103  7:23  Photon Cannon  
  103  7:26  Pylon  
  105  7:32  Zealot  
  105  7:36  High Templar  
  109  7:46  Photon Cannon  
  109  7:48  Photon Cannon, Probe  
  109  7:49  Probe x2  
  112  7:51  Archon, Photon Cannon, High Templar  
  112  7:55  Assimilator  
  112  7:56  Pylon  
  114  7:59  Probe, Assimilator  
  114  8:00  Probe  
  114  8:01  Warp Prism, Probe  
  114  8:04  High Templar  
  121  8:09  Probe  
  121  8:13  Probe x2  
  121  8:17  Photon Cannon  
  121  8:18  Probe  
  121  8:19  Archon, High Templar  
  126  8:20  Pylon  
  126  8:25  Probe  
  126  8:26  Probe  
  129  8:30  High Templar  
  129  8:31  Probe  
  132  8:36  Observer  
  132  8:37  Probe  
  132  8:38  Protoss Ground Weapons Level 1  
  134  8:41  Photon Cannon  
  134  8:42  Probe, Photon Cannon  
  134  8:43  Probe  
  134  8:45  Archon  
  134  8:48  Warp Prism  
  136  8:49  Probe  
  136  8:50  High Templar  
  136  8:51  Probe  
  136  8:55  Probe, Protoss Ground Armor Level 1  
  143  8:58  Gateway  
  143  9:00  High Templar  
  143  9:02  Photon Cannon  
  145  9:05  Nexus  
  145  9:14  Archon  
  145  9:18  Pylon  
  145  9:19  Sentry  
  145  9:21  Immortal, Blink  
  147  9:24  Zealot  
  153  9:34  Photon Cannon  
  153  9:35  Adept  
  155  9:39  Pylon  
  155  9:42  Sentry  
  157  9:48  Sentry  
  157  9:49  Gateway  
  159  9:55  Zealot  
  161  10:00  Pylon, Immortal  
  165  10:09  Photon Cannon  
  165  10:14  Robotics Facility  
  165  10:17  Zealot x3  
  165  10:19  Zealot  
  165  10:20  Archon  
  173  10:26  Assimilator, Nexus  
  169  10:30  Pylon, Zealot  
  169  10:34  Robotics Bay  
  147  10:36  Assimilator  
  147  10:37  Zealot x3  
  147  10:39  High Templar  
  147  10:40  Immortal  
  127  10:43  Zealot  
  107  10:51  Zealot  
  109  10:57  Adept, Zealot x2  
  109  11:00  Observer  
  109  11:03  Sentry  
  118  11:11  Sentry, Zealot, Stalker  
  120  11:17  High Templar  
  120  11:18  Zealot, Observer  
  128  11:19  Immortal  
  133  11:26  Stalker  
  133  11:28  Stalker  
  133  11:29  Probe  
  133  11:32  Immortal  
  137  11:33  Archon  
  137  11:34  High Templar, Stalker  
  137  11:35  Gravitic Drive  
  137  11:38  Zealot  
  137  11:39  Probe  
  147  11:45  Stalker, Assimilator  
  147  11:46  Probe  
  149  11:49  Stalker  
  149  11:50  Assimilator  
  149  11:51  Stalker  
  149  11:53  Probe  
  149  11:54  Immortal  
  151  11:56  Probe  
  151  11:57  Adept  
  151  11:58  Zealot  
  161  12:02  Stalker  
  161  12:06  Stalker  
  165  12:10  Nexus  
  165  12:12  High Templar  
  165  12:13  Colossus  
  172  12:27  Observer, Psionic Storm  
  172  12:34  Colossus  
  173  12:40  Protoss Ground Weapons Level 2  
  173  12:41  Stalker  
  175  12:44  Stalker  
  175  12:47  Stalker  
  175  12:49  Adept  
  175  12:50  Sentry  
  189  12:56  Colossus  
  189  12:57  Adept  
  191  13:09  Charge, Archon  
  197  13:14  Nexus  
  197  13:20  Photon Cannon  
  197  13:22  Probe  
  197  13:23  Pylon  
  197  13:25  Probe  
  193  13:27  Probe  
  193  13:34  Probe  
  194  13:37  Probe  
  195  13:45  Nexus  
  180  13:50  Probe  
  180  13:53  Probe  
  180  13:55  Probe  
  173  14:02  Probe  
  169  14:12  Probe  
  169  14:13  Probe  
  169  14:14  Nexus  
  171  14:22  Probe  
  171  14:28  Probe  
  171  14:30  Probe  
  171  14:31  Probe  
  174  14:38  Probe  
  175  14:39  Pylon  
  175  14:40  Probe  
  177  14:50  Immortal  
  177  14:55  Nexus  
  177  14:56  Colossus  
  181  15:06  Pylon  
  181  15:16  Immortal  
  181  15:24  Immortal  
  189  15:36  Pylon  
  189  15:39  Probe x2  
  189  15:40  Probe x2  
  180  15:49  Immortal  
  173  15:51  Probe x3  
  179  16:02  Nexus  
  179  16:03  Immortal  
  183  16:15  Nexus  
  177  16:22  Sentry  
  177  16:25  Immortal  
  151  16:26  Adept  
  151  16:28  Adept  
  151  16:31  Probe  
  151  16:32  Probe  
  135  16:34  Probe  
  135  16:38  Stalker  
  110  16:42  Stalker  
  110  16:45  Zealot  
  114  16:47  Probe  
  114  16:48  Probe  
  114  16:50  Probe  
  117  16:55  Stalker  
  117  16:57  Probe  
  117  16:59  Stalker  
  122  17:02  Probe  
  122  17:05  Probe  
  48  17:43  Zealot  
  45  17:49  Adept  
  42  17:58  Stalker  
  39  18:05  Stalker  
  39  18:12  Stalker x2, Sentry, Zealot  
  49  18:18  Adept  
  51  18:37  Probe  
  48  18:47  Zealot  
  34  18:50  Nexus  
Tags
 
Add a new tag
Caveats
  • Supply blocks, unpowered buildings, or Contaminate may cause inaccurate times.
  • Supply counts are checked every 10 seconds.